Map: Habitation Station LE (Void)

Players

Rheidizded

  • Race: Zerg Zerg
  • League: Diamond
  • Spawn Location: 11:00

Musumeci - Winner!

  • Race: Zerg Zerg
  • League: Diamond
  • Spawn Location: 1:00

VOD

Have the link to the VOD?

Description

Time

  • Played on: Dec. 22, 2016, 10:16 a.m.
  • Length: 5:59
Show
View Real Time Build Order
Export as new Build Order

Rheidizded Zerg 

Build Orders: Hatch First 

Get SALT Encoding   

  12  0:00  Drone  
  13  0:12  Overlord  
  13  0:18  Drone  
  14  0:23  Extractor  
  14  0:24  Drone  
  15  0:31  Drone  
  16  0:35  Drone  
  17  0:53  Hatchery  
  17  0:56  Drone  
  17  1:02  Drone, Extractor  
  17  1:15  Spawning Pool  
  16  1:19  Drone  
  18  1:25  Extractor  
  18  1:30  Extractor  
  18  1:32  Drone x2  
  18  1:39  Overlord  
  18  1:51  Drone  
  19  2:00  Drone  
  20  2:02  Queen  
  20  2:05  Drone  
  23  2:12  Drone  
  23  2:13  Queen  
  26  2:18  Zergling x2  
  26  2:22  Drone  
  28  2:30  Drone  
  29  2:37  Metabolic Boost  
  29  2:39  Queen  
  31  2:45  Spine Crawler  
  31  2:46  Drone x2  
  32  2:52  Drone x2  
  32  2:54  Drone  
  35  2:59  Overlord  
  35  3:11  Drone  
  36  3:13  Overlord  
  35  3:24  Zergling x6  
  38  3:31  Overlord  
  38  3:34  Drone x2  
  38  3:35  Drone  
  38  3:37  Lair  
  38  3:41  Overlord  
  41  3:53  Drone x4  
  41  3:54  Drone  
  46  4:02  Drone x2  
  48  4:07  Overlord  
  48  4:11  Overlord  
  48  4:16  Hatchery  
  47  4:28  Drone x2  
  47  4:29  Drone x2  
  47  4:30  Extractor  
  50  4:31  Drone  
  50  4:35  Spire  
  50  4:37  Drone x3  
  50  4:38  Drone  
  54  4:47  Zergling x8  
  55  4:54  Zergling x2  
  20  5:22  Zergling x4  
  20  5:23  Zergling x10  
Show
View Real Time Build Order
Export as new Build Order

Musumeci Zerg - Winner!

Build Orders: Hatch First 

Get SALT Encoding   

  12  0:06  Drone  
  13  0:08  Drone  
  13  0:13  Extractor  
  13  0:16  Drone  
  15  0:41  Hatchery  
  14  0:49  Drone, Extractor  
  15  1:01  Spawning Pool  
  14  1:10  Evolution Chamber  
  13  1:12  Extractor  
  13  1:14  Drone  
  13  1:18  Drone  
  14  1:27  Evolution Chamber  
  14  1:38  Overlord  
  14  1:53  Drone x3  
  17  1:56  Queen  
  19  2:01  Drone  
  19  2:06  Drone  
  21  2:10  Drone  
  22  2:18  Metabolic Boost  
  22  2:35  Queen  
  22  2:36  Drone  
  26  2:37  Zergling x2  
  26  2:44  Evolution Chamber  
  25  2:49  Zergling x4  
  27  2:51  Drone  
  28  3:13  Zerg Ground Armor Level 1  
  28  3:25  Overlord  
  27  3:44  Zergling x16  
  27  3:47  Overlord  
  35  4:00  Baneling Nest  
  35  4:01  Zergling x2  
  35  4:05  Zergling x12  
  41  4:19  Zergling x2  
  41  4:20  Zergling x2  
  43  4:50  Zergling x6  
  41  5:01  Baneling  
  41  5:06  Zergling x10  
  41  5:17  Zergling x6  
  43  5:31  Baneling x2  
Tags
 
Add a new tag
Caveats
  • Supply blocks, unpowered buildings, or Contaminate may cause inaccurate times.
  • Supply counts are checked every 10 seconds.